 Dungeon Crawl Stone Soup version 0.31-a0-1005-gfbdfbac (webtiles) character file.

Game seed: 10359369877564219164

1098 Partyfoot the Conjurer (level 8, -5/64 (69) HPs)
             Began as a Pale Draconian Conjurer on Nov 11, 2023.
             Was an Initiate of Dithmenos.
             Slain by a purple ugly thing (14 damage)
             ... on level 6 of the Dungeon.
             The game lasted 00:16:54 (6257 turns).

Partyfoot the Conjurer (Pale Draconian Conjurer)    Turns: 6257, Time: 00:16:55

HP:   -5/64 (69)    AC:  8    Str: 11      XL:     8   Next: 10%
MP:   5/14          EV: 12    Int: 20      God:    Dithmenos [......]
Gold: 308           SH:  0    Dex: 10 (11) Spells: 12/17 levels left

rFire   . . .        k - staff of conjuration
rCold   . . .        (no shield)
rNeg    . . .        (body armour unavailable)
rPois   .            (helmet restricted)
rElec   .            j - +0 cloak
rCorr   +            (no gloves)
SInv    .            t - +0 pair of boots
Will    .....        (no amulet)
Stlth   +++          b - ring of resist corrosion
HPRegen 0.30/turn    (no ring)
MPRegen 0.14/turn

%: no passive effects
@: hasted, drained, very quick
A: breathe steam, AC +6, unfitting armour, cold-blooded, steam resistance, horns
1, thin skeletal structure 1, deterioration 1, low MP 1, sense surroundings 1
a: Breathe Steam, Renounce Religion


You were on level 6 of the Dungeon.
You worshipped Dithmenos.
Dithmenos was noncommittal.
You visited 2 branches of the dungeon, and saw 7 of its levels.

You collected 332 gold pieces.
You spent 24 gold pieces at shops.

Inventory:

Hand Weapons
 c - a +0 dagger
 r - a +1 sling of flaming
Missiles
 m - 2 throwing nets
Armour
 j - a +0 cloak (worn)
 t - a +0 pair of boots (worn)
Magical Staves
 k - a staff of conjuration (weapon)
 w - a staff of fire
 y - a staff of fire
Jewellery
 b - a ring of resist corrosion (left hand)
 o - an amulet of magic regeneration
Wands
 s - a wand of mindburst (15)
 x - a wand of quicksilver (11)
Scrolls
 d - a scroll of acquirement {unknown}
 e - a scroll of butterflies {unknown}
 g - 2 scrolls of amnesia
 h - 3 scrolls of identify
 l - 2 scrolls of teleportation {unknown}
 n - 3 scrolls of vulnerability {unknown}
 p - a scroll of fog {unknown}
 v - a scroll of brand weapon {unknown}
 z - 2 scrolls of enchant weapon {unknown}
Potions
 a - 2 potions of magic
 q - a potion of enlightenment {unknown}
 u - 2 potions of berserk rage {unknown}


   Skills:
 + Level 5.5 Fighting
 + Level 3.2 Dodging
 - Level 1.7 Stealth
 + Level 5.1 Spellcasting
 - Level 5.8 Conjurations
 + Level 2.4 Hexes


You had 12 spell levels left.
You knew the following spells:

 Your Spells              Type           Power      Damage    Failure   Level
a - Magic Dart            Conj           100%       1d8       1%          1
b - Fulminant Prism       Conj/Hex       16%        3d10      22%         4

Your spell library contained the following spells:

 Spells                   Type           Power      Damage    Failure   Level
 Searing Ray              Conj           84%        2d7       1%          2
 Dazzling Flash           Conj/Hex       64%        N/A       6%          3
 Lesser Beckoning         Tloc           10%        N/A       17%         2
 Gell's Gravitas          Tloc           5%         N/A       34%         3
 Teleport Other           Tloc           5%         N/A       34%         3
 Volatile Blastmotes      Fire/Tloc      10%        2d10      34%         3
 Iskenderun's Mystic Bla  Conj/Tloc      25%        2d7       34%         4


Dungeon Overview and Level Annotations

Branches:
Dungeon (6/15)             Temple (1/1) D:6

Altars:
Ashenzari
Cheibriados
Dithmenos
Elyvilon
Gozag
Kikubaaqudgha
Makhleb
Qazlal
Sif Muna
Trog
Uskayaw
Vehumet
Wu Jian
Xom
Yredelemnul
The Shining One

Shops:
D:5 =(?


Innate Abilities, Weirdness & Mutations

You can breathe blasts of scalding, opaque steam.
Your pale cyan-grey scales are hard. (AC +6)
You cannot fit into any form of body armour.
You are cold-blooded and may be slowed by cold attacks.
You are immune to the effects of steam.
You have a pair of small horns on your head.
You have a somewhat thin skeletal structure. (Dex +2, Stealth+)
Your body sometimes deteriorates upon taking damage.
Your magical capacity is low. (-10% MP)
You passively map a small area around you.


Message History

The purple ugly thing tail-slaps you but does no damage.
You closely miss the purple ugly thing.
The purple ugly thing is moderately wounded.
The purple ugly thing tail-slaps you but does no damage.
You closely miss the purple ugly thing.
The purple ugly thing is moderately wounded.
The purple ugly thing tail-slaps you but does no damage.
You barely miss the purple ugly thing.
The purple ugly thing is moderately wounded.
You barely miss the purple ugly thing.
The purple ugly thing is moderately wounded.
The purple ugly thing completely misses you.
You hit the purple ugly thing.
The purple ugly thing is moderately wounded.
The purple ugly thing tail-slaps you.
* * * LOW HITPOINT WARNING * * *
You hit the purple ugly thing but do no damage.
The purple ugly thing is moderately wounded.
You feel less wooden.
Your +0 cloak unmelds from your body.
Your +0 pair of boots unmelds from your body.
The purple ugly thing tail-slaps you but does no damage.
You hit the purple ugly thing. You headbutt the purple ugly thing.
The purple ugly thing is heavily wounded.
You barely miss the purple ugly thing. You tail-slap the purple ugly thing.
The purple ugly thing is heavily wounded.
The purple ugly thing barely misses you.
You closely miss the purple ugly thing.
The purple ugly thing is heavily wounded.
The purple ugly thing tail-slaps you.
* * * LOW HITPOINT WARNING * * *
You hit the purple ugly thing. You headbutt the purple ugly thing.
The purple ugly thing is severely wounded.
The purple ugly thing tail-slaps you.
* * * LOW HITPOINT WARNING * * *
You closely miss the purple ugly thing.
You tail-slap the purple ugly thing, but do no damage.
The purple ugly thing is severely wounded.
The purple ugly thing tail-slaps you!
You die...

########################
#..K....).Ku@..........#
#)####################.#
#####.# #.# #...#.# #.#
......# #.# ##.##.## #.#
.#.....# #.# .###...#
##.# .......# #<.#


You could see a purple ugly thing and a kobold.

Vanquished Creatures
  A water moccasin (D:5)
  A sky beast (D:3)
  2 ogres
  A scorpion (D:5)
  3 wights (D:6)
  A jelly (D:5)
  An orc priest (D:5)
  2 hounds
  An iron imp (D:3)
  A sleepcap (D:6)
  Jessica (D:2)
  4 iguanas
  An orc wizard (D:5)
  Robin (D:3)
  3 gnolls (D:2)
  7 adders
  A worm (D:2)
  11 orcs
  4 ball pythons
  3 endoplasms
  2 giant cockroaches
  15 goblins
  6 hobgoblins
  11 kobolds
  7 quokkas
  3 bats
  3 frilled lizards
  5 rats
102 creatures vanquished.

Vanquished Creatures (others)
  3 fulminant prisms (D:6)
3 creatures vanquished.

Grand Total: 105 creatures vanquished

Notes
Turn   | Place    | Note
-------+----------+-------------------------------------------
     0 | D:1      | Partyfoot the Draconian Conjurer began the quest for the
                  | Orb.
     0 | D:1      | Reached XP level 1. HP: 14/14 MP: 3/3
   518 | D:1      | Reached XP level 2. HP: 22/22 MP: 0/5
   617 | D:1      | Found a faded altar of an unknown god.
   621 | D:1      | Reached skill level 1 in Fighting
  1160 | D:2      | Reached XP level 3. HP: 28/28 MP: 0/6
  1220 | D:2      | Noticed Jessica
  1225 | D:2      | Killed Jessica
  1503 | D:2      | Found a glowing golden altar of the Shining One.
  1508 | D:2      | Reached XP level 4. HP: 36/36 MP: 3/8
  2220 | D:3      | Noticed a sky beast
  2514 | D:3      | Reached XP level 5. HP: 42/44 MP: 1/9
  2875 | D:3      | Killed a sky beast
  2876 | D:3      | Reached skill level 5 in Conjurations
  2973 | D:3      | Found a snail-covered altar of Cheibriados.
  2979 | D:3      | Reached XP level 6. HP: 51/51 MP: 5/11
  3454 | D:3      | Noticed Robin
  3461 | D:3      | Killed Robin
  4040 | D:4      | Found a hide-covered altar of Uskayaw.
  4068 | D:4      | You fall into a shaft and drop 1 floor!
  4068 | D:5      | Entered Level 5 of the Dungeon
  4094 | D:5      | Found Paaguss's Magic Scroll Shoppe.
  4097 | D:5      | Bought a scroll of identify for 24 gold pieces
  4098 | D:5      | Gained mutation: You passively map a small area around you.
                  | [potion of mutation]
  4098 | D:5      | Gained mutation: You are clumsy. (Dex -2) [potion of
                  | mutation]
  4098 | D:5      | Gained mutation: You occasionally shout uncontrollably at
                  | your foes. [potion of mutation]
  4394 | D:5      | Found Tuihil's Weapon Shoppe.
  4517 | D:5      | Lost mutation: You are clumsy. (Dex -2) [potion of
                  | mutation]
  4517 | D:5      | Lost mutation: You occasionally shout uncontrollably at
                  | your foes. [potion of mutation]
  4517 | D:5      | Gained mutation: Your body sometimes deteriorates upon
                  | taking damage. [potion of mutation]
  4517 | D:5      | Gained mutation: Your magical capacity is low. (-10% MP)
                  | [potion of mutation]
  4517 | D:5      | Gained mutation: You have a pair of small horns on your
                  | head. [potion of mutation]
  4517 | D:5      | Gained mutation: You have a somewhat thin skeletal
                  | structure. (Dex +2, Stealth+) [potion of mutation]
  4613 | D:5      | Learned a level 4 spell: Fulminant Prism
  4658 | D:5      | Your scales start taking on a pale cyan-grey colour.
  4658 | D:5      | Reached XP level 7. HP: 56/60 MP: 1/12
  4658 | D:5      | Gained mutation: You are immune to the effects of steam.
                  | [Pale Draconian growth]
  4887 | D:5      | Reached skill level 1 in Hexes
  4926 | D:5      | Reached skill level 5 in Fighting
  5111 | D:5      | Found a glowing golden altar of the Shining One.
  5114 | D:5      | Found a shimmering altar of Xom.
  5134 | D:5      | Found Vamp's Jewellery Boutique.
  5803 | D:6      | Found a staircase to the Ecumenical Temple.
  5860 | Temple   | Entered the Ecumenical Temple
  5871 | Temple   | Became a worshipper of Dithmenos the Shadowed
  5935 | D:6      | Reached skill level 5 in Spellcasting
  5935 | D:6      | Reached XP level 8. HP: 69/69 MP: 8/14
  6148 | D:6      | Noticed a purple ugly thing
  6157 | D:5      | Found a shimmering blue altar of Sif Muna.
  6257 | D:6      | Slain by a purple ugly thing

Illustrated notes

Levels and vault maps discovered:
D:1:      saegor_arrival_miasma, layout_basic, basic_ecumenical_altar
D:2:      layout_loops_corners, basic_altar, grunt_decor_resistance,
          dk_noncrumbling_4, uniq_jessica
D:3:      layout_loops_cross, slow_altar_1, uniq_robin
D:4:      layout_basic, mainiacjoe_overflow_boulevard, hangedman_ru_absence,
          fedhas_altar_decomposition
D:5:      layout_loops_corners, nicolae_overflow_hidden_temple,
          gup_sewer_entry_pipe, serial_shops, shop_coins, kennysheep_mini,
          nicolae_lakefront_shop
D:6:      minmay_opposing_rooms, layout_basic, temple_hall,
          kennysheep_minor_cross, grunt_decor_cap
Temple:   hellmonk_temple_of_storms

Skill      XL: |  1  2  3  4  5  6  7 |
---------------+----------------------+-----
Fighting       | 1 2 3 4 5 |  5.5
Spellcasting   | 3 4 5 |  5.1
Conjurations   | 5 |  5.8
Dodging        | 3 |  3.2
Hexes          | 2 |  2.4
Stealth        | |  1.7

Action                     |  1- 3 |  4- 6 |  7- 9 || total
---------------------------+-------+-------+-------++-------
  Melee: Unarmed           |     4 |       |       ||     4
         Tailslap          |     1 |     2 |     3 ||     6
         Dagger            |     1 |       |       ||     1
         Staff             |       |    22 |    44 ||    66
         Headbutt          |       |     1 |     2 ||     3
         Punch             |       |       |     2 ||     2
   Cast: Magic Dart        |    49 |   169 |    59 ||   277
         Fulminant Prism   |       |       |     3 ||     3
Ability: Breathe Steam     |       |       |     5 ||     5
    Use: Potion            |       |     2 |     2 ||     4
         Scroll            |       |     1 |     1 ||     2
 Armour: Skin              |     5 |    42 |    58 ||   105
  Dodge: Dodged            |    11 |    33 |    20 ||    64

Table legend: (Time is in decaauts)
 A = Elapsed time spent in this place.
 B = Non-inter-level travel time spent in this place.
 C = Inter-level travel time spent in this place.
 D = Time resting spent in this place.
 E = Time spent auto-exploring this place.
 F = Levels seen in this place.
 G = Mean time per level.
                   A        B        C        D        E       F      G
               +--------+--------+--------+--------+--------+-----+--------+
         Total |   6259 |   6049 |    210 |    956 |   4293 |   7 |  894.1 |
       Dungeon |   6236 |   6046 |    190 |    956 |   4293 |   6 | 1039.3 |
        Temple |     22 |      2 |     20 |      0 |      0 |   1 |   22.0 |
               +--------+--------+--------+--------+--------+-----+--------+

Top non-repeatable levels by time:
     D:5: 1366 daAuts
     D:2: 1292 daAuts
     D:3: 1287 daAuts
     D:1: 1009 daAuts
     D:6: 801 daAuts
     D:4: 479 daAuts
  Temple: 22 daAuts
